 Dungeon Crawl Stone Soup version 0.28.0-45-g0d030f2227 (webtiles) character file.

Game seed: 5164382993564285896

34 MisterFreud the Covert (level 3, -1/35 HPs)
             Began as a Gnoll Delver on May 26, 2022.
             Slain by an orc
             ... wielding a +0 dagger
              (2 damage)
             ... on level 3 of the Dungeon.
             The game lasted 00:00:49 (457 turns).

MisterFreud the Covert (Gnoll Delver)                Turns: 457, Time: 00:00:50

Health: -1/35      AC:  4    Str: 11    XL:     3   Next: 31%
Magic:  4/4        EV: 13    Int: 11    God:
Gold:   40         SH:  0    Dex: 13    Spells: 3/3 levels left

rFire   . . .      SeeInvis .   a - +0 short sword
rCold   . . .      Faith    .   (no shield)
rNeg    . . .      Spirit   .   b - +0 leather armour
rPois   .          Reflect  .   (no helmet)
rElec   .          Harm     .   (no cloak)
rCorr   .          Rampage  .   i - +0 pair of gloves
Will    .....                   (no boots)
Stlth   ++++......              (no amulet)
HPRegen 0.11/turn               (no ring)
MPRegen 0.09/turn               (no ring)

@: no status effects
A: fangs 1, strong nose, distributed training
a: no special abilities


You were on level 3 of the Dungeon.
You visited 1 branch of the dungeon, and saw 4 of its levels.

You collected 40 gold pieces.

Inventory:

Hand Weapons
 a - a +0 short sword (weapon)
Missiles
 k - 4 poisoned darts (quivered)
Armour
 b - a +0 leather armour (worn)
 i - a +0 pair of gloves (worn)
Wands
 g - a wand of digging (3)
Scrolls
 c - a scroll of fog
 d - a scroll of magic mapping
 e - a scroll of fear
 h - 2 scrolls of identify {unknown}
Potions
 f - a potion of haste
 j - a potion of flight {unknown}


   Skills:
 + Level 6.5 Fighting
 + Level 4.5 Short Blades
 + Level 0.7 Long Blades
 + Level 0.7 Axes
 + Level 0.7 Maces & Flails
 + Level 0.7 Polearms
 + Level 0.7 Staves
 + Level 0.7 Slings
 + Level 0.7 Bows
 + Level 0.7 Crossbows
 + Level 0.7 Throwing
 + Level 0.7 Armour
 + Level 4.5 Dodging
 + Level 9.5 Stealth
 + Level 0.7 Shields
 + Level 0.7 Unarmed Combat
 + Level 0.7 Spellcasting
 + Level 0.5 Conjurations
 + Level 0.5 Hexes
 + Level 0.5 Summonings
 + Level 0.5 Necromancy
 + Level 0.5 Translocations
 + Level 0.5 Transmutations
 + Level 0.5 Fire Magic
 + Level 0.5 Ice Magic
 + Level 0.5 Air Magic
 + Level 0.5 Earth Magic
 + Level 0.5 Poison Magic
 + Level 0.9 Invocations
 + Level 0.7 Evocations


You had 3 spell levels left.
You didn't know any spells.
Your spell library contained the following spells:

 Spells                   Type           Power      Damage    Failure   Level
 Portal Projectile        Hex/Tloc       2%         N/A       71%         3
 Blade Hands              Tmut           0%         N/A       100%        5
 Excruciating Wounds      Necr           0%         N/A       100%        5


Dungeon Overview and Level Annotations

Branches:
Dungeon (6/15)
 Temple: D:4-7

Altars:

Annotations:
D:5 Edmund


Innate Abilities, Weirdness & Mutations

You have very sharp teeth.
Your uncanny sense of smell can sniff out nearby items.
Your experience applies equally to all skills.


Message History

The orc priest hits you with a +0 mace.
You hit the orc priest.
The orc priest is moderately wounded.
The orc hits you with a +0 dagger. The orc barely misses you.
You hit the orc priest.
The orc priest is heavily wounded.
The orc priest closely misses you. The orc hits you with a +0 dagger.
The orc hits you with a +0 mace.
You hit the orc priest but do no damage.
The orc priest is heavily wounded.
The orc priest barely misses you. The orc closely misses you.
You closely miss the orc priest.
The orc priest is heavily wounded.
The orc hits you with a +0 mace. The orc priest hits you with a +0 mace.
You hit the orc priest.
The orc priest is severely wounded.
The orc hits you but does no damage. The orc misses you.
The orc priest closely misses you.
You closely miss the orc priest.
The orc priest is severely wounded.
The orc barely misses you. The orc hits you with a +0 mace.
* * * LOW HITPOINT WARNING * * *
The orc priest closely misses you.
You are too injured to fight recklessly!
You hit the orc priest. Your bite misses the orc priest.
The orc priest is almost dead.
The orc misses you. The orc hits you with a +0 mace.
* * * LOW HITPOINT WARNING * * *
The orc priest misses you.
You hit the orc priest.
You bite the orc priest, but do no damage.
The orc priest is almost dead.
The orc hits you with a +0 dagger.
* * * LOW HITPOINT WARNING * * *
The orc hits you with a +0 mace.
* * * LOW HITPOINT WARNING * * *
The orc priest invokes the aid of Beogh against you.
You barely resist. The orc hits you with a +0 dagger.
You die...

### ... ... #......#
#.# #......# #.####
#......# #....##
#......# #.....#
#......# #@....#
#.#g..... #.o...#
........####oo...#
#g......o.)††.##.#
...............#.#
#.......#####....#####
##......# #..........#
......... #..........#
.####.... #..........#


You could see an orc priest and 2 orcs.

Vanquished Creatures
  An adder (D:4)
  An adder skeleton (D:4)
  3 orcs
  2 endoplasms
  2 giant cockroaches
  2 hobgoblins (D:3)
  3 jackals (D:3)
  2 bats (D:3)
  2 kobolds (D:3)
18 creatures vanquished.

Notes
Turn   | Place    | Note
-------+----------+-------------------------------------------
     0 | D:5      | Reached skill level 9 in Stealth
     0 | D:5      | MisterFreud the Gnoll Delver began the quest for the Orb.
     0 | D:5      | Reached XP level 1. HP: 23/23 MP: 1/1
     7 | D:5      | Noticed Edmund
     8 | D:5      | Noticed an iguana
    21 | D:4      | Reached XP level 2. HP: 23/29 MP: 2/2
   288 | D:3      | Reached XP level 3. HP: 35/35 MP: 3/3
   456 | D:3      | HP: 1/35 [orc/+0 mace (2)]
   457 | D:3      | Slain by an orc

Illustrated notes

Levels and vault maps discovered:
D:3:      layout_basic
D:4:      layout_basic, serial_park_tiny_1, st_stairs_4
D:5:      layout_loops_ring, minivault_26, corexii_item_surrounded_by_moat,
          uniq_edmund
D:6:      layout_layer_cave

Skill      XL: | |
---------------+-+-----
Stealth        | |  9.5
Fighting       | |  6.5
Short Blades   | |  4.5
Long Blades    | |  0.7
Axes           | |  0.7
Maces & Flails | |  0.7
Polearms       | |  0.7
Staves         | |  0.7
Slings         | |  0.7
Bows           | |  0.7
Crossbows      | |  0.7
Throwing       | |  0.7
Armour         | |  0.7
Dodging        | |  4.5
Shields        | |  0.7
Unarmed Combat | |  0.7
Spellcasting   | |  0.7
Conjurations   | |  0.5
Hexes          | |  0.5
Summonings     | |  0.5
Necromancy     | |  0.5
Translocations | |  0.5
Transmutations | |  0.5
Fire Magic     | |  0.5
Ice Magic      | |  0.5
Air Magic      | |  0.5
Earth Magic    | |  0.5
Poison Magic   | |  0.5
Invocations    | |  0.9
Evocations     | |  0.7

Action                   || total
-------------------------++-------
Melee: Short sword       ||    65
       Bite              ||     8
       Punch             ||     1
 Stab: Sleeping          ||     9
Armor: Leather armour    ||    14
Dodge: Dodged            ||    46
